 Dungeon Crawl Stone Soup version 0.17.0 (console) character file.

25 Kloppie the Skirmisher (level 2, -1/42 HPs)
             Began as a Minotaur Berserker on Nov 6, 2015.
             Was a Believer of Trog.
             Slain by a goblin
             ... wielding a +0 dagger
             ... led by Robin
              (2 damage)
             ... on level 1 of the Dungeon on Nov 7, 2015.
             The game lasted 00:02:30 (910 turns).

Kloppie the Skirmisher (Minotaur Berserker)          Turns: 910, Time: 00:02:30

Health: -1/42      AC:  2    Str: 26    XL:     2   Next: 86%
Magic:  1/1        EV: 12    Int:  4    God:    Trog [**....]
Gold:   29         SH:  0    Dex:  9    Spells: 0 memorised, 1 level left

rFire  . . .     SeeInvis .     a - +0 falchion
rCold  . . .     Clarity  .     b - +0 animal skin
rNeg   . . .     SustAt   .     (no shield)
rPois  .         Gourm    .     (helmet restricted)
rElec  .         Spirit   .     (no cloak)
rCorr  .         Warding  .     (no gloves)
rMut   .         Stasis   .     (no boots)
MR     .....                    (no amulet)
Stlth  ..........               (no ring)
                                (no ring)

@: berserking, very quick, not resistant to hostile enchantments, extremely
unstealthy
A: retaliatory headbutt, horns 2
a: Berserk, Trog's Hand, Burn Spellbooks, Renounce Religion


You were on level 1 of the Dungeon.
You worshipped Trog.
Trog was pleased with you.
You were not hungry.

You visited 1 branch of the dungeon, and saw 2 of its levels.

You collected 29 gold pieces.

Inventory:

Hand Weapons
 a - a +0 falchion (weapon)
Armour
 b - a +0 animal skin (worn)
Jewellery
 g - an uncursed ring of sustain attributes {unknown}
Scrolls
 d - 2 scrolls of teleportation {unknown}
 e - a scroll of enchant armour {unknown}
 f - 2 scrolls of identify {unknown}
Potions
 h - a potion of curing {unknown}
Comestibles
 c - 2 bread rations
 i - a beef jerky


   Skills:
 + Level 4.4 Fighting
 + Level 4.3 Long Blades
 - Level 2.4 Armour
 - Level 2.1 Dodging


You had one spell level left.
You didn't know any spells.

Dungeon Overview and Level Annotations

Branches:
Dungeon (2/15)

Altars:
The Shining One

Annotations:
D:2 Ijyb, Robin


Innate Abilities, Weirdness & Mutations

You reflexively headbutt those who attack you in melee.
You have a pair of horns on your head.


Message History

There is a stone staircase leading down here.
You are too injured to fight recklessly!
You are too injured to fight recklessly!
You are too injured to fight recklessly!
You are too injured to fight recklessly!
You hit the goblin but do no damage. The goblin hits you with a dagger.
* * * LOW HITPOINT WARNING * * *
The goblin barely misses you. You furiously retaliate!
You headbutt the goblin!
You kill the goblin!
Trog accepts your kill.
You closely miss the goblin. Your headbutt misses the goblin.
The goblin hits you but does no damage. The hobgoblin hits you with a club.
* * * LOW HITPOINT WARNING * * *
You hit the hobgoblin but do no damage. The goblin barely misses you.
The hobgoblin hits you with a club.
* * * LOW HITPOINT WARNING * * *
A red film seems to cover your vision as you go berserk!
You feel yourself moving faster!
You feel mighty!
You feel somewhat more hungry. The goblin hits you with a dagger.
You die...

#.## #.#########.#
#..###.# #.# ##..##.#
#.# .##....## #.#
..##..#.##### #.#
⌠..##.......# #.#
.⌠..##...##.# #)#
_.⌠..###....####g#
.⌠..##.........g@#
⌠..##...###.############
..##..#.# #.##.........#
.##...#.# #.##.#######.#
##..###.# #.##.# #.#
#..## #.# #.##.# #.#
#..## #.# #.##.# #.#
....# #.# #.##.#######.#
....###.###......†.....#


You could see a hobgoblin and a goblin.

Vanquished Creatures
  5 bats (D:1)
  A giant cockroach (D:1)
  4 hobgoblins (D:1)
  2 giant newts (D:1)
  6 goblins (D:1)
  3 kobolds (D:1)
  3 rats (D:1)
24 creatures vanquished.

Notes
Turn   | Place    | Note
--------------------------------------------------------------
     0 | D:1      | Kloppie the Minotaur Berserker began the quest for the Orb.
     0 | D:1      | Reached XP level 1. HP: 19/19 MP: 0/0
     0 | D:1      | Upgraded the game from 0.17-b1-33-gd9cf236 to 0.17.0
   221 | D:1      | Reached skill level 4 in Long Blades
   222 | D:1      | Reached XP level 2. HP: 21/27 MP: 1/1
   368 | D:1      | Reached ** piety under Trog
   566 | D:1      | Found a glowing golden altar of the Shining One.
   903 | D:2      | Noticed Robin
   905 | D:2      | Noticed Ijyb
   909 | D:1      | HP: 1/28 [hobgoblin/club[Robin] (5)]
   910 | D:1      | Slain by a goblin

Action                   || total
-------------------------++-------
Melee: Falchion          ||    39
Invok: Berserk           ||     1
 Stab: Sleeping          ||     1
